 Dungeon Crawl Stone Soup version 0.31.0-32-g396128a36d (webtiles) character file.

Game seed: 14976175089956586738

191076 gohu the Eclecticist (level 18, -1/138 HPs)
             Began as a Djinni Fire Elementalist on Mar 9, 2024.
             Was the Champion of Makhleb.
             Slain by a demonic crawler (6 damage)
             ... led by a torpor snail
             ... on level 3 of the Spider Nest.
             The game lasted 02:00:19 (30981 turns).

gohu the Eclecticist (Djinni Fire Elementalist)    Turns: 30981, Time: 02:00:20

Health: -1/138     AC: 14    Str: 10    XL:     18   Next: 86%
Gold:   1033       EV:  8    Int: 39    God:    Makhleb [******] SH:  0 Dex: 14

rFire   + + +        r - +7 trident of the Feeding Pill Bug {flame, rC+ Int+7 Dex-2}
rCold   . . .        C - +0 kite shield
rNeg    . . .        F - +0 troll leather armour
rPois   ∞            i - +2 helmet of Vadegabe {Rampage rF+ Int+3}
rElec   .            q - scarf {repulsion}
rCorr   .            w - +1 pair of gloves {Str+3}
SInv    .            (boots unavailable)
Will    +....        n - amulet "Qaozur" {Regen+ Stlth+}
Stlth   +++          g - +6 ring of intelligence
HPRegen 2.03/turn    e - +4 ring of protection
MPRegen 0.00/turn

%: repel missiles, rampage, infuse magic (-2 HP)
@: flying, held
A: sickness immunity, fire resistance 2, cold vulnerability 1, float, innate
caster, HP casting, extra vitality 1
}: 1/15 runes: barnacled
a: Renounce Religion, Minor Destruction, Lesser Servant of Makhleb, Major
Destruction, Greater Servant of Makhleb


You were on level 3 of the Spider Nest.
You worshipped Makhleb.
Makhleb was exalted by your worship.
You visited 6 branches of the dungeon, and saw 30 of its levels.
You also visited: Ice Cave.

You collected 3070 gold pieces.
You spent 2037 gold pieces at shops.

Inventory:

Hand Weapons
 r - the +7 trident of the Feeding Pill Bug (weapon) {flame, rC+ Int+7 Dex-2}
   (You took it off a gnoll on level 4 of the Dungeon)

   Int+7:     It affects your intelligence (+7).
   Dex-2:     It affects your dexterity (-2).
   rC+:       It protects you from cold.
Missiles
 x - 8 throwing nets
Armour
 i - the +2 helmet of Vadegabe (worn) {Rampage rF+ Int+3}
   (You bought it in a shop on level 1 of the Orcish Mines)

   Int+3:     It affects your intelligence (+3).
   rF+:       It protects you from fire.
   Rampage:   It bestows one free step when moving towards enemies.
 q - a scarf of repulsion (worn)
 w - a +1 pair of gloves of strength (worn)
 C - a +0 kite shield (worn)
 F - a +0 troll leather armour (worn)
 H - a +1 cloak
 Y - a +2 pair of gloves
Magical Staves
 c - a staff of air
 y - the staff of Zumygab {rC+ rN+ Will+ SInv Ice Alchemy}
   (You found it on level 5 of the Lair of Beasts)

   [staff of cold]

   Base accuracy: +5 Base damage: 5 Base attack delay: 1.2 This weapon's minimum
   attack delay (0.6) is reached at skill level 12.
   rC+:       It protects you from cold.
   rN+:       It protects you from negative energy.
   Will+:     It increases your willpower.
   SInv:      It lets you see invisible.
   Ice:       It increases the power of your Ice spells.
   Alchemy:   It increases the power of your Alchemy spells.
   It falls into the 'Staves' category.
   It is a one-handed weapon.
 Q - a staff of fire
Jewellery
 a - a ring of wizardry
 e - a +4 ring of protection (right hand)
 g - a +6 ring of intelligence (left hand)
 n - the amulet "Qaozur" (around neck) {Regen+ Stlth+}
   (You acquired it on level 2 of the Shoals)

   [amulet of regeneration]

   Regen+:    It increases your rate of health regeneration.
   Stlth+:    It makes you more stealthy.
 v - a +6 ring of dexterity
 X - a +5 ring of evasion
Wands
 j - a wand of paralysis (10)
 l - a wand of acid (12)
 m - a wand of digging (13)
 D - a wand of mindburst (29)
 O - a wand of polymorph (9)
 S - a wand of iceblast (32)
Scrolls
 h - 12 scrolls of teleportation
 k - 4 scrolls of fear
 p - 8 scrolls of poison
 s - 4 scrolls of summoning
 t - 2 scrolls of enchant weapon
 A - a scroll of enchant armour
 B - 4 scrolls of blinking
 J - a scroll of acquirement
 K - 3 scrolls of revelation
 L - a scroll of brand weapon
 M - 5 scrolls of fog
 V - a scroll of silence
Potions
 b - 13 potions of heal wounds
 d - 9 potions of curing
 f - a potion of degeneration {unknown}
 u - 5 potions of might
 E - a potion of ambrosia
 G - a potion of mutation
 I - 2 potions of cancellation
 N - 5 potions of haste
 P - 2 potions of berserk rage
 R - 3 potions of enlightenment {unknown}
 T - 4 potions of attraction {unknown}
 U - 2 potions of lignification {unknown}
 W - 2 potions of brilliance
 Z - a potion of resistance {unknown}
Miscellaneous
 o - a condenser vane
 z - a phantom mirror


   Skills:
 + Level 15.1 Fighting
 - Level 9.7 Armour
 - Level 10.9 Dodging
 - Level 1.5 Stealth
 * Level 13.0 Shields
 * Level 15.3 Spellcasting
 * Level 15.3 Conjurations
 * Level 15.3 Hexes
 * Level 15.3 Summonings
 * Level 15.3 Necromancy
 * Level 15.3 Translocations
 * Level 15.3 Fire Magic
 * Level 15.3 Ice Magic
 * Level 15.3 Air Magic
 * Level 15.3 Earth Magic
 * Level 15.3 Alchemy
 + Level 12.2 Invocations


You knew the following spells:

 Your Spells              Type           Power      Damage    Failure   Level
a - Lee's Rapid Deconstr  Erth           49%        3d23*     1%          5
b - Scorch                Fire           100%       2d9       0%          2
c - Flame Wave            Conj/Fire      99%        2d21      1%          4
d - Freezing Cloud        Conj/Ice/Air   49%        6-21      1%          5
e - Volatile Blastmotes   Fire/Tloc      100%       2d18      1%          3
f - Sting                 Conj/Alch      100%       1d9       0%          1
g - Mercury Vapours       Alch/Air       100%       N/A       0%          2
h - Jinxbite              Hex            100%       N/A       0%          2
i - Confusing Touch       Hex            99%        N/A       1%          3
j - Foxfire               Conj/Fire      100%       2x1d9     0%          1
k - Inner Flame           Hex/Fire       99%        N/A       1%          3
l - Sculpt Simulacrum     Ice/Alch       49%        N/A       1%          6
m - Enfeeble              Hex            49%        N/A       5%          7
Your spell library was empty.

Dungeon Overview and Level Annotations

Branches:
Dungeon (15/15)            Temple (1/1) D:6            Lair (5/5) D:11
 Shoals (4/4) Lair:2       Spider (3/4) Lair:3        Slime (0/5) Lair:5
    Orc (2/2) D:9             Elf (0/3) Orc:2        Vaults (0/5) D:13
 Depths (0/4) D:15          IceCv (visited)

Altars:
Ashenzari
Cheibriados
Dithmenos
Elyvilon
Fedhas
Gozag
Hepliaklqana
Makhleb
Nemelex Xobeh
Okawaru
Qazlal
Ru
Trog
Uskayaw
Wu Jian
Xom
Yredelemnul
Zin
The Shining One
Jiyva

Shops:
D:11 (   D:12 *   Orc:1 [   Orc:2 =(*[!   Shoals:1 =   Shoals:4 *

Annotations:
D:2 1 runed translucent door, Crazy Yiuf
D:7 2 transporters, Longtemps's ghost, novice OpFE
D:11 1 runed translucent door
Spider:3 Arachne


Innate Abilities, Weirdness & Mutations

You are immune to sickness and miasma.
You are immune to poison.
Your flesh is very heat resistant. (rF++)
You are vulnerable to cold. (rC-)
You float through the air rather than walking.
You learn spells naturally, not from books.
Your magical power is your life essence.
You have superior vitality. (+4 MHP)


Message History

* * * LOW HITPOINT WARNING * * *
The demonic crawler hits you but does no damage.
A wave of flame ripples out!
The flame wave engulfs Arachne!!
Arachne is almost dead.
The flame wave engulfs the demonic crawler!
The demonic crawler is severely wounded.
* * * LOW HITPOINT WARNING * * *
You finish channelling waves of flame.
Arachne hits you but does no damage. The demonic crawler hits you.
* * * LOW HITPOINT WARNING * * *
The demonic crawler hits you.
* * * LOW HITPOINT WARNING * * *
The demonic crawler hits you.
* * * LOW HITPOINT WARNING * * *
Arachne hits you but does no damage. The demonic crawler hits you.
* * * LOW HITPOINT WARNING * * *
The demonic crawler barely misses you. The demonic crawler hits you.
* * * LOW HITPOINT WARNING * * *
Arachne is lost in a daze.
Casting: Flame Wave (safe; 1% risk of failure)
Confirm with . or Enter, or press ? or * to list all spells.
Casting: Flame Wave (safe; 1% risk of failure)
Press: ? - help, Dir - look around, f - activate A wave of flame ripples out!
The flame wave engulfs Arachne!!
Arachne is almost dead.
The flame wave engulfs the demonic crawler!
The demonic crawler is almost dead. (Press . to intensify the flame waves.)
* * * LOW HITPOINT WARNING * * *
Arachne's magic is no longer disrupted.
Arachne is no longer dazed.
Arachne is no longer blind.
Arachne is no longer weakened.
The demonic crawler hits you but does no damage. x3
Arachne's staff shoots out a stream of webbing.
The stream of webbing hits you but does no damage.
You are even more entangled.
Arachne barely misses you. The demonic crawler barely misses you.
The demonic crawler hits you!
* * * LOW HITPOINT WARNING * * *
The demonic crawler hits you.
You die...

#..######.##^^#
###..#..(###..##
#...##..<##...#
##..# #..^..##
#### ##...##
#..## #...#
#^H## #..@#
##.s# ...##
.....# ##....#
###.## ##


You could see Arachne and a demonic crawler.

Vanquished Creatures
  2 krakens
  An emperor scorpion (Spider:2)
  An orc warlord (Orc:2)
  A very ugly thing (D:12)
  A reaper (IceCv)
  A stone giant (D:15)
  Nessos (D:14)
  Azrael (D:14)
  2 merfolk javelineers (Shoals:4)
  5 merfolk impalers (Shoals:4)
  5 entropy weavers
  Harold (D:9)
  A hydra (Lair:4)
  A rakshasa (D:15)
  5 merfolk avatars
  An ogre mage (D:15)
  4 catoblepae
  4 radroaches
  Erica (D:11)
  6 centaur warriors
  2 dancing weapons (D:13)
  3 merfolk aquamancers (Shoals:4)
  9 two-headed ogres
  3 satyrs
  10 death yaks (Lair:5)
  A death scarab (Spider:2)
  An alligator snapping turtle (Shoals:4)
  2 tengu warriors (D:15)
  5 boulder beetles
  A deep troll shaman (Lair:5)
  3 demonic crawlers
  An occultist (D:15)
  4 orc high priests (Orc:2)
  Nergalle (D:10)
  Amaemon (D:9)
  3 skysharks
  3 pharaoh ants
  3 arcanists
  11 sea snakes
  A sun moth (Spider:2)
  6 orb spiders
  A lindwurm (Lair:5)
  4 orc knights
  A necromancer (Lair:4)
  10 harpies
  7 steelbarb worms
  7 ugly things
  A salamander (shapeshifter) (D:14)
  5 orc sorcerers (Orc:2)
  5 fauns
  8 wolf spiders
  11 manticores
  Maurice (D:7)
  8 cyclopes
  8 elephants
  3 black mambas
  7 merfolk sirens
  A moth of wrath (Spider:2)
  2 ice statues (IceCv)
  8 water nymphs
  A black mamba (shapeshifter) (D:13)
  7 torpor snails
  13 cane toads
  A gargoyle (D:10)
  An orange demon (D:9)
  9 ice devils
  4 kobold demonologists (D:9)
  An unseen horror (D:9)
  4 yaktaurs (D:15)
  Jeremiah (Lair:1)
  3 anaconda simulacra (IceCv)
  A tengu conjurer (D:15)
  A rime drake (Lair:5)
  8 trolls
  5 komodo dragons
  5 polar bears
  11 tarantellas
  3 harpy zombies (Shoals:3)
  20 merfolk
  14 blink frogs
  8 wind drakes
  13 dream sheep
  15 snapping turtles
  22 jumping spiders
  2 shadows
  44 yaks
  12 culicivoras
  6 water elementals
  2 wyverns
  A wraith (D:13)
  2 fire elementals (D:14)
  3 dire elephant simulacra (IceCv)
  5 basilisks
  A human (shapeshifter) (D:15)
  36 redbacks
  4 wargs
  7 vampire mosquitoes
  A death yak simulacrum (IceCv)
  2 steam dragons (D:8)
  A harpy simulacrum (IceCv)
  3 hydra simulacra (IceCv)
  2 acid dragons
  17 water moccasins
  2 hell hounds (D:14)
  36 orc warriors
  3 black bears
  An ice beast (D:5)
  2 laughing skulls (D:14)
  A manticore zombie (Shoals:3)
  23 wolves
  5 ogres
  14 centaurs
  A phantom (D:6)
  3 kobold brigands
  13 bullfrogs
  A two-headed ogre simulacrum (IceCv)
  A gnoll sergeant (D:6)
  5 scorpions
  11 wights
  11 killer bees
  8 howler monkeys
  3 electric eels
  A hound (D:4)
  3 gnoll boudas
  19 orc priests
  3 jellies
  5 iguanas
  Ijyb (D:4)
  A sleepcap (D:5)
  25 orc wizards
  A spriggan simulacrum (IceCv)
  A troll simulacrum (IceCv)
  2 polar bear simulacra (Lair:4)
  A wolf simulacrum (Lair:4)
  3 yak simulacra (Lair:4)
  30 gnolls
  20 adders
  2 river rats (Lair:4)
  4 ufetubi
  A dart slug (D:1)
  A ribbon worm (D:3)
  98 orcs
  13 ball pythons
  9 endoplasms
  13 giant cockroaches
  5 goblins
  6 hobgoblins
  5 jackals
  3 quokkas (D:1)
  6 bats
  3 frilled lizards
  20 kobolds
  8 rats
  5 river rat simulacra (Lair:4)
  2 butterflies (Lair:3)
  5 tentacles
1008 creatures vanquished.

Vanquished Creatures (collateral kills)
  A hydra (Lair:5)
  A tengu warrior (D:15)
  2 elephants (Lair:5)
  A cane toad (Lair:3)
  A rime drake (Lair:5)
  A komodo dragon (Lair:2)
  4 blink frogs (Lair:5)
  A yak (Lair:5)
  A water moccasin (Lair:3)
  A black bear (Lair:2)
  2 bullfrogs (Lair:3)
  14 foxfires
30 creatures vanquished.

Vanquished Creatures (others)
  A yaktaur (D:15)
  A jumping spider (Spider:1)
  An orc warrior (Orc:2)
  A butterfly (D:10)
  782 foxfires
  15 tentacles
801 creatures vanquished.

Grand Total: 1839 creatures vanquished

Notes
Turn   | Place    | Note
-------+----------+-------------------------------------------
     0 | D:1      | gohu the Djinni Fire Elementalist began the quest for the
                  | Orb.
     0 | D:1      | gohu set off with the following spells memorised: Foxfire,
                  | Scorch, Volatile Blastmotes, Inner Flame, Flame Wave.
     0 | D:1      | Reached XP level 1. HP: 15/15 MP: 0/0
   142 | D:1      | Reached XP level 2. HP: 12/21 MP: 0/0
   380 | D:1      | Reached XP level 3. HP: 17/25 MP: 0/0
   380 | D:1      | Learned a level 1 spell: Sting
   453 | D:1      | Reached skill level 1 in Shields
   838 | D:2      | Reached XP level 4. HP: 22/31 MP: 0/0
  1215 | D:2      | Found a blossoming altar of Fedhas.
  1449 | D:2      | Found a runed translucent door.
  1450 | D:2      | Noticed Crazy Yiuf
  1989 | D:3      | Reached XP level 5. HP: 33/35 MP: 0/0
  1989 | D:3      | Learned a level 2 spell: Mercury Vapours
  2037 | D:3      | Identified the +2 spear of the Inquisitive Suns {flame,
                  | +Blink MP-9 Int+3}
  2412 | D:3      | Noticed a water moccasin
  2421 | D:3      | Killed a water moccasin
  2422 | D:3      | Reached XP level 6. HP: 36/40 MP: 0/0
  2942 | D:4      | Noticed Ijyb
  2965 | D:4      | Killed Ijyb
  3105 | D:4      | Found a broken altar of Ashenzari.
  3234 | D:4      | Reached skill level 5 in Spellcasting
  3234 | D:4      | Reached skill level 5 in Conjurations
  3234 | D:4      | Reached skill level 5 in Hexes
  3234 | D:4      | Reached skill level 5 in Summonings
  3234 | D:4      | Reached skill level 5 in Necromancy
  3234 | D:4      | Reached skill level 5 in Translocations
  3234 | D:4      | Reached skill level 5 in Fire Magic
  3234 | D:4      | Reached skill level 5 in Ice Magic
  3234 | D:4      | Reached skill level 5 in Air Magic
  3234 | D:4      | Reached skill level 5 in Earth Magic
  3234 | D:4      | Reached skill level 5 in Alchemy
  3253 | D:4      | Identified the +7 trident of the Feeding Pill Bug {flame,
                  | rC+ Int+7 Dex-2}
  3260 | D:4      | Reached XP level 7. HP: 34/45 MP: 0/0
  3260 | D:4      | Learned a level 2 spell: Jinxbite
  3679 | D:4      | Reached skill level 1 in Fighting
  3862 | D:4      | Found a faded altar of an unknown god.
  3862 | D:4      | Found an opulent altar of Gozag.
  3870 | D:4      | Found a faded altar of an unknown god.
  3874 | D:4      | Found a hide-covered altar of Uskayaw.
  3876 | D:4      | Found a sparkling altar of Nemelex Xobeh.
  4154 | D:5      | Entered Level 5 of the Dungeon
  4417 | D:5      | Reached XP level 8. HP: 52/55 MP: 0/0
  5372 | D:6      | Found a staircase to the Ecumenical Temple.
  5379 | Temple   | Entered the Ecumenical Temple
  5386 | Temple   | Became a worshipper of Makhleb the Destroyer
  5515 | D:6      | Reached XP level 9. HP: 17/62 MP: 0/0
  5515 | D:6      | Learned a level 3 spell: Confusing Touch
  5530 | D:5      | HP: 1/62 [bullfrog (5)]
  5738 | D:6      | Reached skill level 5 in Shields
  5908 | D:6      | Reached * piety under Makhleb
  6384 | D:6      | Found a glowing golden altar of the Shining One.
  6519 | D:7      | Reached skill level 5 in Fighting
  6526 | D:7      | Noticed Maurice
  6815 | D:7      | Found an ornate altar of the Wu Jian Council.
  6884 | D:7      | Killed Maurice
  7008 | D:7      | Noticed a moth of wrath
  7011 | D:7      | Noticed Longtemps's ghost (novice OpFE)
  7027 | D:7      | Found a transporter.
  7052 | D:7      | Found a transporter.
  7129 | D:7      | Reached XP level 10. HP: 69/72 MP: 0/0
  7143 | D:7      | Reached ** piety under Makhleb
  8019 | D:8      | Reached skill level 1 in Armour
  8019 | D:8      | Reached skill level 1 in Invocations
  8175 | D:8      | Identified the +1 ring mail of Negation {MP+9}
  8250 | D:8      | Identified the +1 sling of Alahua {antimagic, Dex+8}
  8432 | D:8      | Reached *** piety under Makhleb
  8853 | D:8      | Found a stormy altar of Qazlal.
  8948 | D:9      | Noticed a kobold demonologist
  8959 | D:9      | Killed a kobold demonologist
  8965 | D:9      | Noticed a kobold demonologist
  8965 | D:9      | Noticed a kobold demonologist
  8966 | D:9      | Noticed a kobold demonologist
  8975 | D:9      | Killed a kobold demonologist
  8977 | D:9      | Noticed an orange demon
  8979 | D:9      | Noticed an orange demon
  8981 | D:9      | Killed a kobold demonologist
  8981 | D:9      | Killed a kobold demonologist
  8982 | D:9      | Reached XP level 11. HP: 67/79 MP: 0/0
  8982 | D:9      | Learned a level 5 spell: Lee's Rapid Deconstruction
  8982 | D:9      | Noticed Amaemon
  8991 | D:9      | Killed Amaemon
  8991 | D:9      | Reached **** piety under Makhleb
  9246 | D:9      | Reached skill level 10 in Spellcasting
  9246 | D:9      | Reached skill level 10 in Conjurations
  9246 | D:9      | Reached skill level 10 in Hexes
  9246 | D:9      | Reached skill level 10 in Summonings
  9246 | D:9      | Reached skill level 10 in Necromancy
  9246 | D:9      | Reached skill level 10 in Translocations
  9246 | D:9      | Reached skill level 10 in Fire Magic
  9246 | D:9      | Reached skill level 10 in Ice Magic
  9246 | D:9      | Reached skill level 10 in Air Magic
  9246 | D:9      | Reached skill level 10 in Earth Magic
  9246 | D:9      | Reached skill level 10 in Alchemy
  9258 | D:9      | Noticed Harold
  9750 | D:9      | Found a staircase to the Orcish Mines.
  9763 | D:9      | Noticed a two-headed ogre
  9781 | D:9      | Killed a two-headed ogre
  9814 | D:9      | Killed Harold
  9815 | D:9      | Reached skill level 5 in Dodging
 10196 | D:10     | Entered Level 10 of the Dungeon
 10299 | D:10     | Noticed Nergalle
 10339 | D:10     | Killed Nergalle
 10735 | D:10     | Found a sacrificial altar of Ru.
 10907 | D:10     | Noticed a two-headed ogre
 10941 | D:10     | Killed a two-headed ogre
 10942 | D:10     | Reached XP level 12. HP: 87/89 MP: 0/0
 11084 | D:10     | Found a white marble altar of Elyvilon.
 11244 | D:11     | Noticed Erica
 11245 | D:11     | Reached ***** piety under Makhleb
 11250 | D:11     | Reached skill level 5 in Armour
 11250 | D:11     | Reached skill level 5 in Invocations
 11265 | D:11     | Killed Erica
 11503 | D:11     | Found a staircase to the Lair.
 11578 | D:11     | Noticed an anaconda
 11581 | D:11     | Noticed a skyshark
 11589 | D:11     | Noticed a skyshark
 11590 | D:11     | Found the +2 pair of slick slippers {slick, slippery, EV+4}
 11593 | D:11     | Noticed an anaconda
 11677 | D:11     | Found Foqealuk's Antique Weapon Shop.
 11818 | D:11     | Reached skill level 10 in Fighting
 11882 | D:11     | Noticed a skyshark
 12058 | D:11     | You are sucked into a shaft and drop 3 floors!
 12076 | D:14     | Noticed Nessos
 12209 | D:11     | Noticed a boulder beetle
 12483 | D:11     | Killed a boulder beetle
 12555 | D:11     | Found a runed translucent door.
 12761 | D:12     | Noticed a two-headed ogre
 12769 | D:12     | Killed a two-headed ogre
 13113 | D:12     | Found Zosith's Elemental Accessories.
 13200 | D:12     | Noticed a boulder beetle
 13204 | D:12     | Reached XP level 13. HP: 75/97 MP: 0/0
 13204 | D:12     | Learned a level 5 spell: Freezing Cloud
 13611 | D:12     | Noticed a cyan very ugly thing
 13725 | D:12     | Killed a cyan very ugly thing
 13794 | Lair:1   | Entered Level 1 of the Lair of Beasts
 14217 | Lair:1   | Noticed Jeremiah
 14219 | Lair:1   | Killed Jeremiah
 15087 | Lair:2   | Reached ****** piety under Makhleb
 15158 | Lair:2   | Reached XP level 14. HP: 102/107 MP: 0/0
 15732 | Lair:2   | Found a staircase to the Shoals.
 16502 | Lair:3   | Found a hole to the Spider Nest.
 16503 | Lair:3   | You are sucked into a shaft and drop 2 floors!
 16503 | Lair:5   | Entered Level 5 of the Lair of Beasts
 17004 | Lair:5   | Found a viscous altar of Jiyva.
 17007 | Lair:5   | Found a staircase to the Slime Pits.
 17622 | Lair:4   | Identified the +1 hand axe of Adem {freeze, rN+ MP+9
                  | Stlth-}
 17655 | Lair:4   | Reached XP level 15. HP: 106/114 MP: 0/0
 17655 | Lair:4   | Learned a level 6 spell: Sculpt Simulacrum
 18856 | Lair:5   | Identified the +0 orcbow of the Swamp {freeze, +Blink rF++
                  | rCorr MP+9}
 19217 | Lair:5   | Identified the staff of Zumygab {rC+ rN+ Will+ SInv Ice
                  | Alchemy}
 19770 | D:13     | Reached skill level 10 in Dodging
 20048 | D:13     | Found a gate to the Vaults.
 20897 | D:14     | Killed Nessos
 20957 | D:14     | Noticed Azrael
 20970 | D:14     | Killed Azrael
 21290 | D:15     | Entered Level 15 of the Dungeon
 21782 | D:15     | Reached XP level 16. HP: 123/123 MP: 0/0
 22306 | D:15     | Found a staircase to the Depths.
 22441 | Orc:1    | Entered Level 1 of the Orcish Mines
 22622 | Orc:2    | Entered Level 2 of the Orcish Mines
 22622 | Orc:2    | Found a staircase to the Elven Halls.
 22628 | Orc:2    | Found Hitzonk's Distillery.
 22696 | Orc:2    | Found a frozen archway.
 22706 | IceCv    | Entered an ice cave
 23231 | Orc:2    | Bought a potion of heal wounds for 85 gold pieces
 23231 | Orc:2    | Bought a potion of heal wounds for 85 gold pieces
 23231 | Orc:2    | Bought a potion of haste for 170 gold pieces
 23231 | Orc:2    | Bought a potion of cancellation for 136 gold pieces
 23231 | Orc:2    | Bought a potion of cancellation for 136 gold pieces
 23231 | Orc:2    | Bought a potion of curing for 51 gold pieces
 24125 | Orc:2    | Found Bocuast's General Store.
 24126 | Orc:2    | Found Fopp's Jewellery Boutique.
 24128 | Orc:2    | Found Geuxaabe's Antique Armour Shop.
 24128 | Orc:2    | Found Matsyeci's Antique Weapon Shop.
 24332 | Orc:2    | Bought a +6 ring of intelligence for 612 gold pieces
 24418 | Orc:1    | Found Jimahop's Antique Armour Shop.
 24510 | Orc:1    | Bought a pair of runed gloves for 210 gold pieces
 24510 | Orc:1    | Bought a pitted chain mail for 266 gold pieces
 24510 | Orc:1    | Identified the +0 chain mail of Bappixt {Rampage Stlth+}
                  | (You bought it in a shop on level 1 of the Orcish Mines)
 24510 | Orc:1    | Bought a buzzing helmet for 266 gold pieces
 24510 | Orc:1    | Identified the +2 helmet of Vadegabe {Rampage rF+ Int+3}
                  | (You bought it in a shop on level 1 of the Orcish Mines)
 24945 | Shoals:1 | Entered Level 1 of the Shoals
 24951 | Shoals:1 | Reached skill level 15 in Fighting
 24976 | Shoals:1 | Reached skill level 10 in Invocations
 25150 | Shoals:1 | Found Zeodymogoa's Jewellery Emporium.
 26219 | Shoals:2 | Reached XP level 17. HP: 125/131 MP: 0/0
 26219 | Shoals:2 | Learned a level 7 spell: Enfeeble
 26520 | Shoals:2 | Noticed a kraken
 26538 | Shoals:2 | Killed a kraken
 26582 | Shoals:2 | Identified a scroll of acquirement
 26585 | Shoals:2 | Acquired the amulet "Qaozur" {Regen+ Stlth+}
 27674 | Shoals:4 | Entered Level 4 of the Shoals
 27817 | Shoals:4 | Reached skill level 10 in Shields
 28289 | Shoals:4 | Found Wedai's CLEARANCE SALE!.
 28296 | Shoals:4 | Bought a potion of heal wounds for 20 gold pieces
 28307 | Shoals:4 | Identified the +1 chain mail "Dichyaqe" {Str+4 Dex+3}
 28618 | Shoals:4 | Noticed a kraken
 28630 | Shoals:4 | Reached XP level 18. HP: 93/138 MP: 0/0
 28661 | Shoals:4 | Killed a kraken
 28671 | Shoals:4 | Got a barnacled rune of Zot
 29145 | Spider:1 | Entered Level 1 of the Spider Nest
 29396 | Spider:1 | Reached skill level 15 in Spellcasting
 29396 | Spider:1 | Reached skill level 15 in Conjurations
 29396 | Spider:1 | Reached skill level 15 in Hexes
 29396 | Spider:1 | Reached skill level 15 in Summonings
 29396 | Spider:1 | Reached skill level 15 in Necromancy
 29396 | Spider:1 | Reached skill level 15 in Translocations
 29396 | Spider:1 | Reached skill level 15 in Fire Magic
 29396 | Spider:1 | Reached skill level 15 in Ice Magic
 29396 | Spider:1 | Reached skill level 15 in Air Magic
 29396 | Spider:1 | Reached skill level 15 in Earth Magic
 29396 | Spider:1 | Reached skill level 15 in Alchemy
 30054 | Spider:2 | Identified the +1 flail of Demand {flame, rElec rPois MP+9
                  | Dex+3}
 30620 | Spider:2 | Identified the +1 ring mail of the Hunter {rC+ Slay+2
                  | Stlth+}
 30968 | Spider:3 | Noticed Arachne
 30981 | Spider:3 | HP: 5/138 [demonic crawler[a torpor snail] (14)]
 30981 | Spider:3 | Slain by a demonic crawler

Illustrated notes

Levels and vault maps discovered:
D:1:      dpeg_arrival_tiny_g, layout_rooms, minmay_nonomino_d4
D:2:      minmay_roachtagon, layout_rooms, basic_altar, uniq_crazy_yiuf_cottage
D:3:      layout_loops_ring
D:4:      layout_loops_ring, chequers_temple_overflow_minitemple,
          jmf_multi_god_temple, uniq_ijyb
D:5:      layout_loops_ring, nicolae_elevator_lobby_asterisk
D:6:      layout_rooms, lemuel_doored_altar, minmay_temple_entry_gardened_gates
D:7:      layout_loops_ring, nzn_wu_jian_contemplation,
          gammafunk_ghost_berserking_beasts, dreamdust_mushroom_princess,
          corner_web_ring, uniq_maurice
D:8:      layout_rooms, mainiacjoe_overflow_catwalk, special_room
          [special_room_orc]
D:9:      layout_irregular_city, orc_0_dummy, nicolae_wwwww,
          uniq_prince_ribbit1, uniq_harold, uniq_amaemon
D:10:     layout_grid_maze, nicolae_ru_the_path_less_chosen,
          nicolae_elyvilon_peaceful_grove, uniq_nergalle
D:11:     layout_grid_maze, minmay_lair_entry_grove, serial_shops,
          nicolae_shop_tiny_statue_garden, nicolae_guarded_unrand_slippers,
          uniq_erica
D:12:     cheibrodos_breeding_chamber, layout_small_grid,
          dreamdust_princess_corridor, nicolae_elemental_shop
D:13:     layout_loops_corners, erik_vaults_1,
          hangedman_abyss_or_decor_lesser_grid, kennysheep_path_1
D:14:     layout_loops_corners, uniq_nessos, uniq_azrael
D:15:     grunt_enter_depths_snipers, layout_cave_pools, chequers_big_river
Temple:   nicolae_temple_ecumenical_triangle
Lair:1:   minmay_lair_venomous_thicket, layout_cave_pods, serial_bayou_shore_a,
          grunt_megastairs_1, lemuel_fruit_tree, uniq_jeremiah
Lair:2:   layout_layer_cave, elwin_shoals_entry_rocks, beast_lair_carwin_9,
          serial_bayou_shore_b
Lair:3:   layout_loops_ring, spider_nest_entry_webs, lemuel_fruit_fields
Lair:4:   layout_cave_pods, eino_house_with_fridge
Lair:5:   grunt_lair_end_beastmaster, layout_long_grid, slime_entry_1,
          grunt_megastairs_4
Shoals:1: layout_shoals, serial_shops, nicolae_shop_gaudy_bauble
Shoals:2: layout_shoals, nicolae_shoals_lost_giant_pillars
Shoals:3: nzn_motion_control, layout_shoals, nicolae_shoals_undead_eyrie
Shoals:4: shoals_end_hangedman, layout_shoals, nicolae_shop_clearance
Spider:1: layout_spider_delve, drop_trap
Spider:2: nicolae_spider_hilbert_zone_1 [nicolae_spider_hilbert_4_sides_1_open,
          nicolae_spider_hilbert_4_sides_1_open,
          nicolae_spider_hilbert_4_sides_1_open,
          nicolae_spider_hilbert_4_sides_1_open,
          nicolae_spider_hilbert_3_sides_1_open,
          nicolae_spider_hilbert_3_sides_1_open,
          nicolae_spider_hilbert_3_sides_1_open,
          nicolae_spider_hilbert_3_sides_1_open,
          nicolae_spider_hilbert_3_sides_1_open,
          nicolae_spider_hilbert_6_sides_1_open,
          nicolae_spider_hilbert_6_sides_1_open,
          nicolae_spider_hilbert_3_sides_1_open,
          nicolae_spider_hilbert_3_sides_1_open,
          nicolae_spider_hilbert_3_sides_1_open,
          nicolae_spider_hilbert_3_sides_1_open,
          nicolae_spider_hilbert_2_sides_1_open]
Spider:3: layout_spider_delve, hangedman_spider_tarantella_strand, uniq_arachne
Orc:1:    layout_caves, serial_shops, shop
Orc:2:    st_orc_congregation, layout_caves, basic_altar,
          portal_ice_cave_demonic_guard, serial_shops, shop

Skill      XL: |  1  2  3  4  5  6  7  8  9 10 11 12 13 14 15 16 17 18 |
---------------+-------------------------------------------------------+-----
Shields        | 1 2 3 4 5 6 8 11 13 | 13.0
Spellcasting   | 4 5 6 7 8 9 10 11 12 13 14 15 | 15.3
Conjurations   | 4 5 6 7 8 9 10 11 12 13 14 15 | 15.3
Hexes          | 4 5 6 7 8 9 10 11 12 13 14 15 | 15.3
Summonings     | 4 5 6 7 8 9 10 11 12 13 14 15 | 15.3
Necromancy     | 4 5 6 7 8 9 10 11 12 13 14 15 | 15.3
Translocations | 4 5 6 7 8 9 10 11 12 13 14 15 | 15.3
Fire Magic     | 4 5 6 7 8 9 10 11 12 13 14 15 | 15.3
Ice Magic      | 4 5 6 7 8 9 10 11 12 13 14 15 | 15.3
Air Magic      | 4 5 6 7 8 9 10 11 12 13 14 15 | 15.3
Earth Magic    | 4 5 6 7 8 9 10 11 12 13 14 15 | 15.3
Alchemy        | 4 5 6 7 8 9 10 11 12 13 14 15 | 15.3
Fighting       | 2 4 5 7 9 10 12 13 14 15 | 15.1
Armour         | 2 4 6 7 8 9 |  9.7
Invocations    | 2 4 6 7 8 9 10 11 12 | 12.2
Dodging        | 4 5 7 8 9 10 | 10.9
Stealth        | |  1.5

Action                     |  1- 3 |  4- 6 |  7- 9 | 10-12 | 13-15 | 16-18 || total
---------------------------+-------+-------+-------+-------+-------+-------++-------
  Melee: Staff             |     3 |     6 |       |       |       |       ||     9
         Trident           |       |       |    12 |       |     2 |     9 ||    23
   Cast: Foxfire           |    52 |    78 |    75 |   141 |   151 |       ||   497
         Scorch            |    15 |    33 |    74 |    68 |   165 |    93 ||   448
         Volatile Blastmot |       |     9 |    23 |    17 |     4 |     5 ||    58
         Flame Wave        |       |       |    12 |    78 |    79 |   207 ||   376
         Lee's Rapid Decon |       |       |       |     1 |   138 |   253 ||   392
         Confusing Touch   |       |       |       |     1 |       |       ||     1
         Freezing Cloud    |       |       |       |       |    29 |   105 ||   134
         Mercury Vapours   |       |       |       |       |     2 |       ||     2
         Sculpt Simulacrum |       |       |       |       |     1 |       ||     1
         Enfeeble          |       |       |       |       |       |     6 ||     6
 Invoke: Lesser Servant of |       |       |       |       |    16 |     2 ||    18
  Evoke: Wand              |       |       |       |     6 |     4 |     1 ||    11
    Use: Potion            |     1 |       |     1 |     2 |       |       ||     4
         Scroll            |       |       |       |    10 |     5 |    10 ||    25
 Armour: Robe              |    17 |    24 |    45 |    78 |       |       ||   164
         Troll leather arm |       |       |       |     4 |   175 |   428 ||   607
  Dodge: Dodged            |    16 |    33 |    67 |   153 |   265 |   338 ||   872
         Repelled          |       |       |       |       |     1 |     3 ||     4
  Block: Buckler           |     5 |     7 |    24 |    60 |    75 |    25 ||   196
         Kite shield       |       |       |       |       |       |   267 ||   267
